 Dungeon Crawl Stone Soup version 0.21-a0-584-g185da8e (webtiles) character file.

67 Timinator the Slasher (level 3, 0/33 HPs)
             Began as a Minotaur Monk on Sept 27, 2017.
             Succumbed to an adder's poison
             ... on level 3 of the Dungeon on Dec 20, 2017.
             The game lasted 00:15:29 (1085 turns).

Timinator the Slasher (Minotaur Monk)               Turns: 1085, Time: 00:15:29

Health: 0/33       AC:  5    Str: 15    XL:     3   Next: 98%
Magic:  2/2        EV: 12    Int:  7    God:    Xom [..*...]
Gold:   64         SH:  0    Dex: 13    Spells: 2/2 levels left

rFire    . . .     SeeInvis .   (no weapon)
rCold    . . .     Gourm    .   (no shield)
rNeg     . . .     Faith    .   i - +0 ring mail
rPois    .         Spirit   .   (helmet restricted)
rElec    .         Reflect  .   (no cloak)
rCorr    .         Harm     .   (no gloves)
MR       .....                  (no boots)
Stlth    +.........             (no amulet)
HPRegen  0.11/turn              (no ring)
MPRegen  0.08/turn              (no ring)

@: lethally poisoned (0 -> -1)
A: retaliatory headbutt, horns 2
a: Renounce Religion


You were on level 3 of the Dungeon.
You worshipped Xom.
You were a toy of Xom.
You were not hungry.

You visited 1 branch of the dungeon, and saw 3 of its levels.

You collected 64 gold pieces.

Inventory:

Armour
 i - a +0 ring mail (worn)
Scrolls
 g - a scroll of immolation
 k - a scroll of blinking {unknown}
 l - a scroll of enchant armour {unknown}
Comestibles
 b - a chunk of flesh
 c - 3 rations


   Skills:
 + Level 4.2 Fighting
   Level 4.3 Long Blades
 * Level 1.4 Throwing
 + Level 3.9 Dodging
 - Level 1.6 Stealth


You had 2 spell levels left.
You didn't know any spells.

Dungeon Overview and Level Annotations

Branches:
Dungeon (3/15)

Altars:
Ashenzari
Fedhas
Xom
Yredelemnul
Zin


Innate Abilities, Weirdness & Mutations

You reflexively headbutt those who attack you in melee.
You have a pair of horns on your head.


Message History

You feel sick. The adder bites you but does no damage.
The gnoll hits you but does no damage. The adder bites you.
* * * LOW HITPOINT WARNING * * *
The gnoll closely misses you. The adder barely misses you.
The gnoll hits you from afar with a spear.
* * * LOW HITPOINT WARNING * * *
The adder misses you. The adder barely misses you.
The gnoll hits you but does no damage.
You feel sick. The adder bites you but does no damage.
The gnoll hits you from afar with a spear.
* * * LOW HITPOINT WARNING * * *
The adder closely misses you. The gnoll misses you.
The adder bites you but does no damage. The adder misses you.
The gnoll barely misses you. Xom grants you insight.
You feel aware of your surroundings. The adder bites you but does no damage.
The gnoll closely misses you.
You die...
Xom howls with laughter!

.#....#...........
.......<..........
.#................
#.....#.........#
...#######'######
.. * ###.### . ,*
##.....## *
##.......#* *
*#.g.@#....# ,
*#...##S##...# *,
#... ,r.#!..# #..#
%#).#..# ,*#.. *g
.#...#*
,*#..,##,##...# *
## , , ,, .##* *
,, # *


You could see a gnoll, an adder and a quokka.

Vanquished Creatures
  An adder (D:2)
  2 worms (D:2)
  2 dart slugs
  4 giant cockroaches
  6 goblins
  6 hobgoblins
  8 jackals
  5 bats
  3 frilled lizards
  4 kobolds (D:1)
  A rat (D:1)
42 creatures vanquished.

Vanquished Creatures (others)
  A hobgoblin (D:2)
1 creature vanquished.

Grand Total: 43 creatures vanquished

Notes
Turn   | Place    | Note
-------+----------+-------------------------------------------
     0 | D:1      | Timinator the Minotaur Monk began the quest for the Orb.
     0 | D:1      | Reached XP level 1. HP: 19/19 MP: 0/0
   150 | D:1      | Reached XP level 2. HP: 24/27 MP: 1/1
   383 | D:1      | Reached skill level 1 in Throwing
   469 | D:1      | Reached XP level 3. HP: 27/33 MP: 2/2
   729 | D:2      | Found a shattered altar of Ashenzari.
   826 | D:2      | Noticed an angel
   829 | D:2      | Found a glowing silver altar of Zin.
   829 | D:2      | Found a shimmering altar of Xom.
   854 | D:2      | Became a worshipper of Xom of Chaos
   882 | D:2      | Upgraded the game from 0.21-a0-286-g6fcecc0 to 0.21-a0-584-g185da8e
   961 | D:2      | Found a blossoming altar of Fedhas.
   962 | D:2      | Found a basalt altar of Yredelemnul.
  1081 | D:3      | HP: 1/33 [gnoll/spear (2)]
  1084 | D:3      | XOM: divination: magic mapping
  1085 | D:3      | Succumbed to an adder's poison

Vault maps used:
D:1:      dpeg_arrival_ternary
D:2:      grunt_temple_overflow_order_and_chaos_1,
          ashenzari_conservatory_becter, gammafunk_temple_overflow_pools
D:3:      nicolae_overflow_hidden_temple, kennysheep_generic_room_2,
          uniq_natasha, uniq_robin

Skill      XL: |  1  2 |
---------------+-------+-----
Fighting       | 4 |  4.2
Throwing       | 1 |  1.4
Long Blades    | 4 |  4.3
Dodging        | |  3.9
Stealth        | |  1.6

Action                   || total
-------------------------++-------
Melee: Falchion          ||    88
       Headbutt          ||    13
  Use: Scroll            ||     3
 Stab: Sleeping          ||     3
  Eat: Chunk             ||     1
Armor: Robe              ||     2
       Ring mail         ||    20
Dodge: Dodged            ||    92
       Rpst.: Falchion   ||    16

Table legend:
 A = Spawn XP
 B = Non-spawn XP
 C = Spawn XP percentage of total XP
 D = Spawn monster count
 E = Non-spawn monster count
 F = Spawn count percentage of total count
 G = Total turns spent on level
                    A         B        C        D         E        F      G
               +---------+---------+-------+---------+---------+-------+---------
         Total |       0 |      96 |   0.0 |       0 |      42 |   0.0 |  1085
               +---------+---------+-------+---------+---------+-------+---------
           D:1 |       0 |      43 |   0.0 |       0 |      24 |   0.0 |   553
           D:2 |       0 |      53 |   0.0 |       0 |      18 |   0.0 |   497
               +---------+---------+-------+---------+---------+-------+---------
